 Dungeon Crawl Stone Soup version 0.22-a0-136-g83a10e5 (webtiles) character file.

56 Lathuz the Firebug (level 3, 0/19 HPs)
             Began as a Deep Elf Fire Elementalist on Feb 3, 2018.
             Slain by a jackal (1 damage)
             ... on level 2 of the Dungeon.
             The game lasted 00:03:12 (1471 turns).

Lathuz the Firebug (Deep Elf Fire Elementalist)     Turns: 1471, Time: 00:03:13

Health: 0/19       AC:  2    Str:  5    XL:     3   Next: 69%
Magic:  0/10       EV: 13    Int: 20    God:
Gold:   17         SH:  0    Dex: 15    Spells: 3/9 levels left

rFire    . . .     SeeInvis .   e - +0 dagger
rCold    . . .     Gourm    .   (no shield)
rNeg     . . .     Faith    .   a - +0 robe
rPois    .         Spirit   .   (no helmet)
rElec    .         Reflect  .   (no cloak)
rCorr    .         Harm     .   (no gloves)
MR       .....                  (no boots)
Stlth    ++........             (no amulet)
HPRegen  0.06/turn              (no ring)
MPRegen  0.12/turn              (no ring)

@: no status effects
A: no striking features
a: no special abilities


You were on level 2 of the Dungeon.
You were not hungry.

You visited 1 branch of the dungeon, and saw 3 of its levels.

You collected 17 gold pieces.

Inventory:

Hand Weapons
 e - a +0 dagger (weapon)
Missiles
 i - 21 stones (quivered)
Armour
 a - a +0 robe (worn)
Scrolls
 f - a scroll of immolation {unknown}
 h - a scroll of teleportation {unknown}
 k - a scroll of identify {unknown}
Potions
 g - 2 potions of lignification {unknown}
 j - a potion of haste {unknown}
Books
 b - a book of Flames

   Spells                             Type                      Level
   a - Flame Tongue                   Conjuration/Fire             1
   b - Throw Flame                    Conjuration/Fire             2
   c - Conjure Flame                  Conjuration/Fire             3
   d - Inner Flame                    Hexes/Fire                   3
   e - Sticky Flame                   Conjuration/Fire             4
   f - Fireball                       Conjuration/Fire             5
Comestibles
 c - 2 rations
 d - 2 chunks of flesh


   Skills:
 - Level 2.4 Dodging
 - Level 2.4 Stealth
 + Level 3.7 Spellcasting
 * Level 3.0 Conjurations
 + Level 3.8 Fire Magic


You had 3 spell levels left.
You knew the following spells:

 Your Spells              Type           Power        Failure   Level  Hunger
a - Flame Tongue          Conj/Fire      ###..        3%          1    None
b - Throw Flame           Conj/Fire      ###...       4%          2    ##.....
c - Conjure Flame         Conj/Fire      ###.....     10%         3    ###....


Dungeon Overview and Level Annotations

Branches:
Dungeon (3/15)

Altars:
Zin

Shops:
D:2 *

Annotations:
D:2 Robin


Message History

Confirm with . or Enter, or press ? or * to list all spells.
Aiming: Flame Tongue (safe; 3% risk of failure)
Press: ? - help, Shift-Dir - straight line, f - jackal
Aim: a jackal The flame tongue hits the jackal.
You kill the jackal!
Your Conjurations skill increases to level 3!
An orc comes into view. It is wielding a club.
The jackal bites you.
* * * LOW HITPOINT WARNING * * *
The orc moves out of view.
The jackal bites you.
* * * LOW HITPOINT WARNING * * *
You climb upwards.
Level annotation: Robin The goblin barely misses you.
There is a stone staircase leading down here.
You hit the goblin but do no damage. The goblin hits you with a dagger.
* * * LOW HITPOINT WARNING * * *
The jackal bites you.
You die...

#.#.......# #.#.......#
#### .........# ...#
#.(......# ...# #####
........# ...## #...#
#.......# ..).#
#...####gh.....#
[.#)####).......@.....#
..#)).).....###########
..######[...#
.......#....#
.#####.#....#
.#####.#....#
.##....#.##...
.##.####(#####. .##.#
#.#


You could see a jackal and a goblin.

Vanquished Creatures
  An adder (D:2)
  An ooze (D:2)
  A worm (D:2)
  A dart slug (D:1)
  A leopard gecko (D:1)
  A giant cockroach (D:2)
  9 goblins
  6 hobgoblins
  A jackal (D:3)
  3 kobolds (D:1)
  3 bats (D:1)
  3 frilled lizards
  4 rats
35 creatures vanquished.

Notes
Turn   | Place    | Note
-------+----------+-------------------------------------------
     0 | D:1      | Lathuz the Deep Elf Fire Elementalist began the quest for the Orb.
     0 | D:1      | Reached XP level 1. HP: 10/10 MP: 6/6
   364 | D:1      | Reached XP level 2. HP: 14/15 MP: 1/8
   735 | D:1      | Learned a level 2 spell: Throw Flame
  1221 | D:2      | Found Zin's Purification Station.
  1222 | D:2      | Found a glowing silver altar of Zin.
  1234 | D:2      | Reached XP level 3. HP: 18/19 MP: 3/10
  1297 | D:2      | Learned a level 3 spell: Conjure Flame
  1413 | D:2      | Noticed Robin
  1471 | D:2      | Slain by a jackal

Vault maps used:
D:1:      roderic_dead_forest
D:2:      zin_purify, amethyst_killhole, uniq_sigmund, uniq_robin
D:3:      minmay_misc_feat_cross, evilmike_ruin_ashenzari, uniq_jessica

Skill      XL: |  1  2  3 |
---------------+----------+-----
Conjurations   | 2 3 |  3.0
Dodging        | |  2.4
Stealth        | |  2.4
Spellcasting   | |  3.7
Fire Magic     | |  3.8

Action                   || total
-------------------------++-------
Melee: Dagger            ||    21
Throw: Stone             ||     3
 Cast: Flame Tongue      ||    40
       Throw Flame       ||    11
       Conjure Flame     ||     1
  Eat: Chunk             ||     2
Armor: Robe              ||     1
Dodge: Dodged            ||    16

Table legend:
 A = Spawn XP
 B = Non-spawn XP
 C = Spawn XP percentage of total XP
 D = Spawn monster count
 E = Non-spawn monster count
 F = Spawn count percentage of total count
 G = Total turns spent on level
                    A         B        C        D         E        F      G
               +---------+---------+-------+---------+---------+-------+---------
         Total |       0 |      80 |   0.0 |       0 |      35 |   0.0 |  1471
               +---------+---------+-------+---------+---------+-------+---------
           D:1 |       0 |      35 |   0.0 |       0 |      21 |   0.0 |  1217
           D:2 |       0 |      40 |   0.0 |       0 |      11 |   0.0 |   248
           D:3 |       0 |       5 |   0.0 |       0 |       3 |   0.0 |     6
               +---------+---------+-------+---------+---------+-------+---------
